 Dungeon Crawl Stone Soup version 0.17-a0-1716-gdf19ebb (console) character file.

7618 Monkaria the Unseen (level 10, -1/76 HPs)
             Began as a Felid Berserker on Aug 24, 2015.
             Was a High Priest of Trog.
             Slain by a six-headed hydra (8 damage)
             ... on level 4 of the Lair of Beasts.
             The game lasted 00:48:24 (14482 turns).

Monkaria the Unseen (Felid Berserker)              Turns: 14482, Time: 00:48:24

Health: -1/76      AC:  3    Str: 25    XL:     10   Next: 98%
Magic:  11/11      EV: 40    Int: 10    God:    Trog [*****.]
Gold:   818        SH:  0    Dex: 19    Spells: 0 memorised, 9 levels left
                                        Lives:  0   Deaths: 3

rFire  . . .     SeeInvis +       - Unarmed
rCold  . . .     Clarity  .     (armour unavailable)
rNeg   . . .     SustAt   .     (shield unavailable)
rPois  .         Gourm    .     (helmet unavailable)
rElec  .         Spirit   .     (cloak unavailable)
rCorr  .         Warding  .     (gloves unavailable)
rMut   .         Stasis   .     (boots unavailable)
MR     +....                    f - amulet of faith
Stlth  ..........               c - ring "Vowid" {EV+5 Str+4 Dex+4}
                                q - +5 ring of evasion

@: berserking, very quick, somewhat resistant to hostile enchantments, extremely
unstealthy
A: no armour, no weapons or thrown items, claws 1, fangs 3, molten scales 1, see
invisible, carnivore 3, clever 1, clumsy 1, speed 1, shaggy fur 2, slow
metabolism 1, sharp paws
a: Burn Spellbooks, Berserk, Trog's Hand, Brothers in Arms, Renounce Religion


You were on level 4 of the Lair of Beasts.
You worshipped Trog.
Trog was extremely pleased with you.
You were very full.

You visited 2 branches of the dungeon, and saw 14 of its levels.
You also visited: Labyrinth, Ossuary and Ice Cave.

You collected 818 gold pieces.

Inventory:

Jewellery
 c - the ring "Vowid" (right paw) {EV+5 Str+4 Dex+4}
   (You found it on level 7 of the Dungeon)

   [ring of evasion]

   It affects your evasion (+5).
   It affects your strength (+4).
   It affects your dexterity (+4).
 e - an uncursed amulet of guardian spirit {unknown}
 f - an amulet of faith (around neck)
 m - an uncursed ring of protection from cold
 q - a +5 ring of evasion (left paw)
 G - the ring "Turr" {Str+2 Int+3 Dex+6}
   (You found it on level 5 of the Dungeon)

   [ring of dexterity]

   It affects your strength (+2).
   It affects your intelligence (+3).
   It affects your dexterity (+6).
 J - an uncursed amulet of resist corrosion {unknown}
 O - an uncursed amulet of resist mutation
 S - an uncursed amulet of guardian spirit {unknown}
Magical devices
 j - a wand of frost (22)
 s - a wand of cold (10)
 w - a wand of random effects (2)
Scrolls
 b - 6 scrolls of remove curse
 g - a scroll of holy word {unknown}
 h - 5 scrolls of fog
 l - a scroll of fear
 o - a scroll of blinking {unknown}
 t - 2 scrolls of summoning {unknown}
 u - 5 scrolls of immolation {unknown}
 x - 10 scrolls of teleportation {unknown}
 y - 4 scrolls of noise {unknown}
 z - a scroll of vulnerability {unknown}
 E - 4 scrolls of recharging {unknown}
 F - 2 scrolls of enchant weapon {unknown}
 I - 5 scrolls of amnesia {unknown}
 N - 2 scrolls of identify
Potions
 d - a potion of resistance
 n - 2 potions of lignification
 p - 3 potions of berserk rage
 r - 6 potions of curing
 v - 3 potions of invisibility
 A - 3 potions of magic
 B - 2 potions of flight
 C - 2 potions of ambrosia
 D - 2 potions of brilliance
 H - 2 potions of might
 K - a potion of agility
 L - 3 potions of haste
 P - a potion of beneficial mutation {unknown}
Books
 k - a book of Summonings

   Spells                             Type                      Level
   a - Recall                         Summoning/Translocation      3
   b - Aura of Abjuration             Summoning                    5
   c - Shadow Creatures               Summoning                    5
   d - Summon Demon                   Summoning                    5
   e - Summon Forest                  Summoning/Translocation      5
   f - Summon Mana Viper              Hexes/Summoning              5
   Trog disapproves of the use of such an item.
 R - a book of Battle

   Spells                             Type                      Level
   a - Infusion                       Charms                       1
   b - Shroud of Golubria             Charms/Translocation         2
   c - Song of Slaying                Charms                       2
   d - Spectral Weapon                Hexes/Charms                 3
   e - Regeneration                   Charms/Necromancy            3
   Trog disapproves of the use of such an item.
Miscellaneous
 M - an ornate deck of summoning
 V - a phial of floods
Comestibles
 a - 6 meat rations
 i - a slice of pizza


   Skills:
 + Level 10.1 Fighting
 - Level 13.0 Dodging
 - Level 18.3 Stealth
 - Level 5.2 Unarmed Combat


You had 9 spell levels left.
You didn't know any spells.

Dungeon Overview and Level Annotations

Branches:
Dungeon (10/15)            Temple (0/1) D:7            Lair (4/8) D:10
 Shoals (0/4) Lair:4       Spider (0/4) Lair:4
    Orc: D:9-12

Altars:
Dithmenos
Fedhas
Gozag
Sif Muna
Trog
Yredelemnul
The Shining One


Innate Abilities, Weirdness & Mutations

You cannot wear armour.
You are incapable of wielding weapons or throwing items.
You have sharp claws.
You have razor-sharp teeth.
You have supernaturally acute eyesight.
You are carnivorous and can eat meat at any time.
You cover ground quickly.
You are covered in thick fur (AC +2).
You have a slow metabolism.
Your sharp claws are effective at attacking unaware monsters.
You are partially covered in molten scales (AC +1).
Your mind is acute. (Int +2)
You are clumsy. (Dex -2)


Message History

You claw the six-headed hydra! Your bite misses the six-headed hydra.
The six-headed hydra is heavily wounded.
You barely miss the six-headed hydra.
The six-headed hydra is heavily wounded.
The six-headed hydra bites you.
* * * LOW HITPOINT WARNING * * *
The six-headed hydra completely misses you.
The six-headed hydra barely misses you.
The six-headed hydra closely misses you.
The six-headed hydra misses you. x2
You claw the six-headed hydra!
The six-headed hydra is almost dead.
The six-headed hydra bites you.
* * * LOW HITPOINT WARNING * * *
The six-headed hydra completely misses you.
The six-headed hydra bites you!
* * * LOW HITPOINT WARNING * * *
The six-headed hydra completely misses you. x2
The six-headed hydra bites you!
You die...

.###..#...### ##........###......
.........##≈≈##...##..#.P#.#>....
.........#≈≈≈≈#..................
.........#≈≈≈≈##........#.#......
.........#≈≈≈≈≈#..##..######.....
.....P...##≈≈≈≈####P.## ###.##
...####...##≈≈≈≈####..# ####
...## #....##≈≈≈.###..#### ##
....###...#.##.D@........# ##.
..........#..#...........# #..
.............#...........## ##..
.............#............# #.#.
..........#.##...........## ##..
.........####≈≈≈..(......# #..
.........###≈≈≈≈#........# #P.
.........##≈≈≈≈##........## ##.
.........#≈≈>≈≈#..........# #..


You could see a six-headed hydra.

Vanquished Creatures
  A minotaur (Lab)
  A catoblepas (Lair:4)
  A queen ant (Lair:4)
  2 ice statues (IceCv)
  Pikel (D:4)
  An orb spider (Lair:4)
  A siren (Lair:4)
  Joseph (Lair:1)
  A komodo dragon (Lair:2)
  4 spiny frogs
  A two-headed ogre (D:10)
  A troll (D:10)
  Grinder (D:6)
  6 blink frogs
  Sigmund (D:6)
  2 hippogriffs
  6 basilisks
  A shadow (Lab)
  2 hungry ghosts (Lab)
  5 soldier ants (Lair:4)
  5 wolves (Lair:2)
  8 water moccasins
  2 porcupines
  2 phantoms
  2 orc warriors
  5 ogres
  2 sky beasts
  10 ice beasts
  An eye of draining (D:9)
  A crocodile (Lair:2)
  A big kobold (D:9)
  3 centaurs
  11 giant frogs
  A gnoll sergeant (D:8)
  A scorpion (D:7)
  5 killer bees (D:10)
  4 wights (D:7)
  3 electric eels (D:10)
  A lava snake (Lair:4)
  A wasp zombie (D:7)
  2 crimson imps (D:6)
  A human zombie (Ossuary)
  2 orc priests
  A centaur zombie (Ossuary)
  A giant frog zombie (D:8)
  4 jellies
  Crazy Yiuf (D:6)
  2 giant frog skeletons
  8 hounds
  5 orc wizards
  11 worker ants
  Natasha (D:2)
  6 iguanas
  18 sheep
  A big kobold zombie (Ossuary)
  4 mummies
  2 worker ant zombies
  9 gnolls
  8 adders
  12 river rats
  6 shadow imps
  3 oozes
  2 adder skeletons
  An adder zombie (D:5)
  6 worms
  2 giant geckos
  22 orcs
  11 bats
  4 giant cockroaches
  8 goblins
  10 hobgoblins
  A ball python skeleton (D:5)
  A giant gecko skeleton (D:4)
  7 giant newts
  3 gnoll zombies (Ossuary)
  22 jackals
  10 kobolds
  4 orc zombies
  2 quokkas (D:4)
  12 rats
345 creatures vanquished.

Vanquished Creatures (others)
  6 fungi
  6 plants (Lair:4)
12 creatures vanquished.

Grand Total: 357 creatures vanquished

Notes
Turn   | Place    | Note
--------------------------------------------------------------
     0 | D:1      | Monkaria the Felid Berserker began the quest for the Orb.
     0 | D:1      | Reached XP level 1. HP: 10/10 MP: 2/2
   136 | D:1      | Reached XP level 2. HP: 2/14 MP: 3/3
  1030 | D:1      | Acquired Trog's second power
  1185 | D:1      | Reached XP level 3. HP: 13/17 MP: 4/4
  1591 | D:2      | Reached XP level 4. HP: 21/21 MP: 5/5
  1592 | D:2      | Reached skill level 5 in Unarmed Combat
  1659 | D:2      | Noticed Natasha
  1668 | D:2      | Killed Natasha
  2212 | D:3      | Reached XP level 5. HP: 24/24 MP: 6/6
  2857 | D:4      | Found a sand-covered staircase.
  2861 | D:4      | Reached skill level 5 in Stealth
  2883 | Ossuary  | Entered an ossuary
  2983 | Ossuary  | Reached skill level 6 in Stealth
  2983 | Ossuary  | Gained mutation: You are covered in thick fur (AC +2). [Felid growth]
  2983 | Ossuary  | Reached XP level 6. HP: 28/28 MP: 7/7
  3453 | D:4      | Noticed a slave
  3454 | D:4      | Noticed Pikel
  3455 | D:4      | Noticed a slave
  3455 | D:4      | Noticed a slave
  3456 | D:4      | Noticed a slave
  3467 | D:4      | Killed Pikel
  3467 | D:4      | Reached skill level 10 in Stealth
  3467 | D:4      | Reached XP level 7. HP: 31/31 MP: 8/8
  3866 | D:4      | Acquired Trog's third power
  4031 | D:5      | Entered Level 5 of the Dungeon
  4138 | D:5      | Got a wavering glass ring
  4206 | D:5      | Identified the ring "Turr" {Str+2 Int+3 Dex+6} (You found it on level 5 of the Dungeon)
  4267 | D:5      | Reached skill level 11 in Stealth
  4398 | D:5      | Found a deep blue altar of Sif Muna.
  4513 | D:5      | Found a shadowy altar of Dithmenos.
  4549 | D:5      | Reached XP level 8. HP: 29/34 MP: 9/9
  4612 | D:5      | Reached skill level 12 in Stealth
  4785 | D:5      | Found a basalt altar of Yredelemnul.
  5229 | D:6      | Noticed Grinder
  5249 | D:6      | Killed Grinder
  5249 | D:6      | Reached skill level 13 in Stealth
  5298 | D:6      | Noticed Crazy Yiuf
  5304 | D:6      | Killed Crazy Yiuf
  5528 | D:6      | Found an opulent altar of Gozag.
  5593 | D:6      | Noticed Sigmund
  5599 | D:6      | Killed Sigmund
  5599 | D:6      | Reached skill level 14 in Stealth
  5928 | D:6      | You fall through a shaft!
  5940 | D:8      | Found a bloodstained altar of Trog.
  5979 | D:8      | Reached XP level 9. HP: 37/37 MP: 10/10
  5994 | D:8      | Found a blossoming altar of Fedhas.
  6108 | D:8      | Reached skill level 15 in Stealth
  6328 | D:8      | Killed from afar by an orc priest
  6329 | D:8      | Reached XP level 8. HP: 0/34 MP: 9/9
  6381 | D:8      | Reached skill level 16 in Stealth
  6865 | D:9      | Reached skill level 17 in Stealth
  6865 | D:9      | Reached XP level 9. HP: 28/37 MP: 10/10
  7002 | D:9      | Found a glowing golden altar of the Shining One.
  7012 | D:9      | Gained mutation: Your spells are a little harder to cast, but a little more powerful. [mutagenic meat]
  7013 | D:9      | Gained mutation: You are clumsy. (Dex -2) [mutagenic meat]
  7014 | D:9      | Lost mutation: Your spells are a little harder to cast, but a little more powerful. [mutagenic meat]
  7015 | D:9      | Gained mutation: Your mind is acute. (Int +2) [mutagenic meat]
  7016 | D:9      | Gained mutation: You are partially covered in molten scales (AC +1). [mutagenic meat]
  7552 | D:7      | Found a staircase to the Ecumenical Temple.
  7743 | D:7      | Got a translucent wooden ring
  7773 | D:7      | Identified the ring "Vowid" {EV+5 Str+4 Dex+4} (You found it on level 7 of the Dungeon)
  8084 | D:10     | Entered Level 10 of the Dungeon
  8094 | D:10     | Found a staircase to the Lair.
  8282 | D:10     | Reached skill level 18 in Stealth
  8582 | D:10     | Reached skill level 5 in Dodging
  8896 | D:10     | Reached XP level 10. HP: 42/42 MP: 11/11
  9286 | Lair:1   | Entered Level 1 of the Lair of Beasts
  9387 | Lair:1   | Found a labyrinth entrance.
  9431 | Lab      | Entered a labyrinth
  9809 | Lab      | Reached skill level 10 in Dodging
  9848 | Lab      | Noticed a minotaur
  9858 | Lab      | Killed a minotaur
  9922 | Lair:1   | Noticed Joseph
  9931 | Lair:1   | Killed Joseph
 11122 | Lair:2   | Reached XP level 11. HP: 45/45 MP: 12/12
 11938 | Lair:3   | Found a frozen archway.
 11955 | IceCv    | Entered an ice cave
 11994 | IceCv    | Reached skill level 5 in Fighting
 12076 | IceCv    | Noticed an ice statue
 12076 | IceCv    | Noticed an ice statue
 12087 | IceCv    | Killed an ice statue
 12117 | IceCv    | Killed from afar by an ice statue
 12118 | IceCv    | Reached XP level 10. HP: -16/45 MP: 11/11
 12134 | IceCv    | Killed an ice statue
 12758 | Lair:4   | Noticed a catoblepas
 12768 | Lair:4   | Noticed a six-headed hydra
 12791 | Lair:4   | Killed a catoblepas
 12820 | Lair:4   | HP: 2/47 [six-headed hydra (16)]
 12826 | Lair:4   | Slain by a six-headed hydra
 12827 | Lair:4   | Reached XP level 9. HP: -4/43 MP: 10/10
 12919 | Lair:3   | Reached XP level 10. HP: 48/48 MP: 11/11
 13172 | Lair:4   | Found a staircase to the Shoals.
 13181 | Lair:4   | Noticed a siren
 13192 | Lair:4   | Killed a siren
 13418 | Lair:4   | Noticed a queen ant
 13423 | Lair:4   | Killed a queen ant
 13919 | Lair:4   | Found a hole to the Spider Nest.
 13919 | Lair:4   | Noticed an orb spider
 14115 | Lair:4   | Killed an orb spider
 14342 | Lair:4   | Reached skill level 10 in Fighting
 14482 | Lair:4   | Slain by a six-headed hydra

Vault maps used:
D:1:      dpeg_arrival_houses_and_road
D:2:      uniq_natasha
D:3:      first_bread
D:4:      nicolae_ossuary_entry_giza, uniq_pikel
D:5:      lemuel_doored_altar, grunt_dithmenos_smoke_and_mirrors, led_sif_pool,
          st_stairs_11
D:6:      grunt_gozag_statues, uniq_crazy_yiuf_cottage, uniq_sigmund,
          uniq_grinder
D:7:      temple_pool_a
D:8:      lemuel_coloured_pillars_altar, fedhas_altar_3
D:9:      nicolae_tso_carved_into_rock
D:10:     erik_lair_island
Lair:1:   lab_entry_generic, uniq_joseph
Lair:3:   portal_ice_cave_entry_pillars_02, grunt_megastairs_2
Lair:4:   boulder_quad_collide, minmay_shoals_entry_lonely_mermaid,
          nicolae_spider_entry_orb_guardian, wad_woods_antlair,
          serial_bayou_shore_b, lemuel_fruit_tree, serial_bayou_shore_b
Lab:      labyrinth_hidden_loot, lab_block, nicolae_lab_t_cross,
          labyrinth_fake_exit, nicolae_lab_x, nicolae_lab_swirl
Ossuary:  ossuary_crypta
IceCv:    ice_cave_statue_garden_01

Action                   |  1- 3 |  4- 6 |  7- 9 | 10-12 || total
-------------------------+-------+-------+-------+-------++-------
Melee: Unarmed           |   110 |   148 |   414 |   391 ||  1063
Invok: Berserk           |     3 |     5 |    10 |    20 ||    38
       Trog's Hand       |       |     2 |     8 |    14 ||    24
       Burn Spellbooks   |       |       |       |     1 ||     1
Evoke: Wand              |       |       |       |     6 ||     6
  Use: Scroll            |       |     1 |    19 |     6 ||    26
       Potion            |       |       |     2 |    10 ||    12
 Stab: Sleeping          |     3 |    18 |    50 |    38 ||   109
       Distracted        |       |     1 |     3 |     5 ||     9
  Eat: Chunk             |    11 |     7 |    33 |    37 ||    88
